 Dungeon Crawl Stone Soup version 0.17.1-2-g5865329 (webtiles) character file.

115 Rukheim the Conjurer (level 4, -6/30 HPs)
             Began as a Demonspawn Conjurer on Apr 7, 2016.
             Killed from afar by an orc wizard (11 damage)
             ... with a puff of flame
             ... on level 3 of the Dungeon.
             The game lasted 00:14:35 (3619 turns).

Rukheim the Conjurer (Demonspawn Conjurer)          Turns: 3619, Time: 00:14:35

Health: -6/30      AC:  2    Str: 14    XL:     4   Next: 68%
Magic:  0/8        EV: 12    Int: 22    God:
Gold:   167        SH:  0    Dex: 13    Spells: 2 memorised, 6 levels left

rFire  . . .     SeeInvis .     l - +0 short sword
rCold  . . .     Clarity  .     k - +0 robe
rNeg   . . .     SustAt   .     (no shield)
rPois  +         Gourm    .     (no helmet)
rElec  .         Spirit   .     (no cloak)
rCorr  .         Warding  .     (no gloves)
rMut   .         Stasis   .     (no boots)
MR     .....                    (no amulet)
Stlth  +++.......               e - ring of poison resistance
                                g - +5 ring of strength

@: brilliant, not resistant to hostile enchantments, fairly stealthy
A: claws 1, nightstalker 1
a: no special abilities


You were on level 3 of the Dungeon.
You were very hungry.

You visited 1 branch of the dungeon, and saw 3 of its levels.

You collected 167 gold pieces.

Inventory:

Hand Weapons
 l - a +0 short sword (weapon)
Armour
 k - a +0 robe (worn)
Jewellery
 e - a ring of poison resistance (right claw)
 g - a +5 ring of strength (left claw)
Wands
 m - a wand of confusion (10)
Scrolls
 a - a scroll of identify
 o - a scroll of remove curse
Potions
 i - a potion of flight
Books
 h - a book of Conjurations

   Spells                             Type                      Level
   a - Magic Dart                     Conjuration                  1
   b - Searing Ray                    Conjuration                  2
   c - Dazzling Spray                 Conjuration/Hexes            3
   d - Fulminant Prism                Conjuration/Hexes            4
   e - Iskenderun's Mystic Blast      Conjuration                  4
   f - Iskenderun's Battlesphere      Conjuration/Charms           5
Comestibles
 c - a bread ration
 f - a slice of pizza
 j - 3 meat rations


   Skills:
 - Level 1.7 Dodging
 - Level 1.7 Stealth
 + Level 3.1 Spellcasting
 * Level 5.4 Conjurations


You had 6 spell levels left.
You knew the following spells:

 Your Spells              Type           Power        Failure   Level  Hunger
a - Magic Dart            Conj           ####         1%          1    None
b - Searing Ray           Conj           #####.       1%          2    ##.....


Dungeon Overview and Level Annotations

Branches:
Dungeon (3/15)

Altars:
Elyvilon
Yredelemnul


Innate Abilities, Weirdness & Mutations

You have sharp fingernails.
You are slightly more attuned to the shadows.


Message History

Casting: Searing Ray
Confirm with . or Enter, or press ? or * to list all spells.
Aiming: Magic Dart
Press: ? - help, Shift-Dir - straight line, f - orc
Aim: an orc, wielding a dagger and wearing a leather armour (almost dead)
The magic dart hits something.
You hear some strange, mumbled words.
A magic dart appears from out of thin air!
The magic dart hits you!
* * * LOW HITPOINT WARNING * * *
Casting: Magic Dart
Confirm with . or Enter, or press ? or * to list all spells.
Aiming: Magic Dart
Press: ? - help, Shift-Dir - straight line, f/p - orc
Aim: an orc, wielding a dagger and wearing a leather armour (almost dead)
The magic dart hits something.
You hear some strange, mumbled words.
A puff of flame appears from out of thin air!
The puff of flame hits you!
You die...

# .#. # #.. #.#.#.
#. #....# .# .....
.#. .. #... #...
..
#...#...###.....##
#.#....#..#.....#.
#@#...#..o#.....#.
#{#......#.#...#.#
#o#.....#...#.#...
###.#
#o#......oo.......
....# #.#
#oo.<......).
#.### #.# #.#
#.####)####.. #.#
#.# #.####.# #.#
#.. #.## #.#
#...oo)# #.# #..
..(#########.#
######## ##.## #..


You could see 2 orcs.

Vanquished Creatures
  Natasha (thrice) (D:2)
  3 adders (D:2)
  An ooze (D:1)
  3 giant geckos
  2 orcs
  4 hobgoblins
  3 jackals (D:2)
  4 kobolds
  A quokka (D:3)
  A ball python (D:2)
  5 bats
  2 giant cockroaches
  A giant cockroach zombie (D:3)
  7 goblins
  9 rats
49 creatures vanquished.

Notes
Turn   | Place    | Note
--------------------------------------------------------------
     0 | D:1      | Rukheim the Demonspawn Conjurer began the quest for the Orb.
     0 | D:1      | Reached XP level 1. HP: 13/13 MP: 3/3
   185 | D:1      | Gained mutation: You have sharp fingernails. [demonic ancestry]
   185 | D:1      | Reached XP level 2. HP: 4/19 MP: 0/5
  1427 | D:2      | Noticed Natasha
  1728 | D:3      | Found a faded altar to an unknown god.
  1865 | D:3      | Gained mutation: You are slightly more attuned to the shadows. [demonic ancestry]
  1865 | D:3      | Reached XP level 3. HP: 24/24 MP: 3/6
  1869 | D:3      | Learned a level 2 spell: Searing Ray
  2712 | D:2      | Reached skill level 5 in Conjurations
  2716 | D:2      | Killed Natasha
  2716 | D:2      | Reached XP level 4. HP: 8/30 MP: 2/8
  3160 | D:2      | Found a white marble altar of Elyvilon.
  3478 | D:2      | Noticed Natasha
  3481 | D:2      | Killed Natasha
  3496 | D:2      | Noticed Natasha
  3499 | D:2      | Killed Natasha
  3508 | D:2      | Found a basalt altar of Yredelemnul.
  3619 | D:3      | Killed from afar by an orc wizard

Action                   |  1- 3 |  4- 6 || total
-------------------------+-------+-------++-------
Melee: Dagger            |     5 |       ||     5
       Short sword       |     1 |     3 ||     4
 Cast: Magic Dart        |    73 |    19 ||    92
       Searing Ray       |     2 |     5 ||     7
  Use: Potion            |     8 |     2 ||    10
       Scroll            |     3 |       ||     3
  Eat: Chunk             |     5 |     3 ||     8
